 Dungeon Crawl Stone Soup version 0.25-a0-972-g74ed164fb1 (webtiles) character file.

Game seed: 3399098559115581521, levelgen mode: deterministic

611 Chiseanne the Skirmisher (level 7, -5/58 HPs)
             Began as a Demonspawn Wanderer on May 9, 2020.
             Was an Initiate of Gozag.
             Slain by Pikel
             ... wielding a +0 whip of electrocution
              (16 damage)
             ... on level 4 of the Dungeon.
             The game lasted 00:09:04 (4402 turns).

Chiseanne the Skirmisher (Demonspawn Wanderer)      Turns: 4402, Time: 00:09:04

Health: -5/58      AC:  9    Str: 11    XL:     7   Next: 20%
Magic:  7/7        EV: 11    Int: 18    God:    Gozag
Gold:   528        SH:  5    Dex: 11    Spells: 6/6 levels left

rFire    + + .     SeeInvis .   a - +3 falchion
rCold    . . .     Gourm    .   c - +1 buckler
rNeg     . . .     Faith    .   j - +0 ring mail
rPois    .         Spirit   .   o - +0 helmet
rElec    .         Reflect  .   (no cloak)
rCorr    .         Harm     .   y - +0 pair of gloves
MR       .....                  (no boots)
Stlth    +.........             (no amulet)
HPRegen  0.19/turn              u - ring of protection from fire
MPRegen  0.10/turn              (no ring)

@: hasted, very quick
A: iridescent scales 1, fire resistance 1, flame cloud immunity
a: Potion Petition, Call Merchant, Bribe Branch, Renounce Religion


You were on level 4 of the Dungeon.
You worshipped Gozag.
Gozag was pleased with you.
You were very hungry.

You visited 1 branch of the dungeon, and saw 4 of its levels.

You collected 587 gold pieces.
You paid 59 gold pieces to Gozag.

Inventory:

Hand Weapons
 a - a +3 falchion (weapon)
 n - a +4 trident
 w - the +6 hunting sling "Miofe" {flame, MR+}
   (You took it off an orc on level 4 of the Dungeon)

   It causes projectiles fired from it to burn those they strike, causing extra
   injury to most foes and up to half again as much damage against particularly
   susceptible opponents.
   It affects your resistance to hostile enchantments.
Missiles
 b - 151 stones (quivered)
 d - 23 arrows
 f - 11 sling bullets
 v - 17 bolts
Armour
 c - a +1 buckler (worn)
 j - a +0 ring mail (worn)
 o - a +0 helmet (worn)
 y - a +0 pair of gloves (worn)
Jewellery
 m - an uncursed ring of see invisible
 u - a ring of protection from fire (left hand)
Scrolls
 g - a scroll of fear
 h - a scroll of enchant armour
 i - a scroll of teleportation
 k - 4 scrolls of remove curse
Potions
 e - a potion of brilliance
 q - 3 potions of curing
 z - a potion of might {unknown}
Comestibles
 l - 4 rations


   Skills:
 * Level 6.1 Fighting
 * Level 3.5 Long Blades
 * Level 2.8 Armour
 * Level 2.9 Dodging
 - Level 1.0 Stealth
 * Level 3.5 Shields


You had 6 spell levels left.
You didn't know any spells.
Your spell library was empty.

Dungeon Overview and Level Annotations

Branches:
Dungeon (4/15)
 Temple: D:4-7

Altars:
Dithmenos
Gozag
Kikubaaqudgha
Makhleb
Trog
Yredelemnul
Zin

Annotations:
D:4 Pikel


Innate Abilities, Weirdness & Mutations

You are partially covered in iridescent scales. (AC +2)
Your flesh is heat resistant. (rF+)
You are immune to clouds of flame.


Message History

Pikel closely misses you.
You hit Pikel but do no damage.
Pikel is heavily wounded.
Pikel barely misses you.
You hit Pikel but do no damage.
Pikel is heavily wounded.
Pikel hits you but does no damage.
You are electrocuted!
* * * LOW HITPOINT WARNING * * *
You hit Pikel.
Pikel is severely wounded.
You hit Pikel.
Pikel is severely wounded.
You block Pikel's attack.
Your ring mail prevents you from hitting Pikel.
Pikel is severely wounded.
Pikel hits you with a +0 whip of electrocution.
* * * LOW HITPOINT WARNING * * *
You are electrocuted!
You die...
Your body crumbles into a pile of gold.

# #.# #. #.# #.###.#
#...## ##.## ... #K#
#. ... #.# #.#...
#.♣#♣#♣#♣#♣#♣##
#.##.#
#..pK@........#
#.##.#
#.♣#♣#♣#♣#♣#♣.#
#.##.# #.# #.# #..#
#.##.#
#.####.#####.#
#.##.#
#.......)....#
#.....
###.....).#.##
#.##.#
#.#####.#.#####.##.#
#.P.P.#
#.#.......##.#
#..P....#
#.##########.#


You could see Pikel and a slave.

Vanquished Creatures
  Sigmund (D:4)
  An ice beast (D:2)
  3 slaves (D:4)
  A howler monkey (D:4)
  A hound (D:4)
  A centaur skeleton (D:4)
  Terence (D:3)
  An orc wizard (D:4)
  A worker ant (D:4)
  A hound skeleton (D:3)
  3 adders
  4 gnolls (D:3)
  A worm (D:2)
  2 dart slugs
  5 leopard geckos
  13 orcs
  9 giant cockroaches
  2 gnoll zombies (D:4)
  9 goblins
  4 hobgoblins
  5 jackals
  9 kobolds
  A quokka (D:2)
  8 bats
  A frilled lizard (D:3)
  A jackal skeleton (D:4)
  3 rats
  A bush (D:4)
93 creatures vanquished.

Vanquished Creatures (others)
  A bush (D:4)
1 creature vanquished.

Grand Total: 94 creatures vanquished

Notes
Turn   | Place    | Note
-------+----------+-------------------------------------------
     0 | D:1      | Chiseanne the Demonspawn Wanderer began the quest for the
                  | Orb.
     0 | D:1      | Chiseanne set off with the following items: a +2 falchion,
                  | a potion of curing, a +0 buckler, a +0 robe, a ration
     0 | D:1      | Reached XP level 1. HP: 21/21 MP: 1/1
   264 | D:1      | Gained mutation: You are partially covered in iridescent
                  | scales. (AC +2) [demonic ancestry]
   264 | D:1      | Reached XP level 2. HP: 27/27 MP: 2/2
   821 | D:1      | Reached skill level 1 in Dodging
   821 | D:1      | Reached XP level 3. HP: 15/33 MP: 3/3
  1579 | D:2      | Found an ancient bone altar of Kikubaaqudgha.
  1608 | D:2      | Found a transporter.
  1643 | D:2      | Found a burning altar of Makhleb.
  1673 | D:2      | Noticed a hippogriff
  1676 | D:2      | Noticed an ice beast
  1683 | D:2      | Found an opulent altar of Gozag.
  1694 | D:2      | Reached skill level 1 in Armour
  1695 | D:2      | Found a transporter.
  2161 | D:2      | Killed an ice beast
  2161 | D:2      | Gained mutation: Your flesh is heat resistant. (rF+)
                  | [demonic ancestry]
  2161 | D:2      | Reached XP level 4. HP: 10/39 MP: 4/4
  2161 | D:2      | Gained mutation: You are immune to clouds of flame.
                  | [demonic ancestry]
  2161 | D:2      | Reached XP level 5. HP: 11/44 MP: 5/5
  2170 | D:2      | Became a worshipper of Gozag Ym Sagoz the Greedy
  2444 | D:3      | Found a bloodstained altar of Trog.
  3331 | D:3      | Noticed Terence
  3339 | D:3      | Killed Terence
  3339 | D:3      | Reached XP level 6. HP: 52/52 MP: 6/6
  3788 | D:4      | Found a shadowy altar of Dithmenos.
  3793 | D:4      | Identified the +6 hunting sling "Miofe" {flame, MR+}
  3907 | D:4      | Noticed Sigmund
  3914 | D:4      | Killed Sigmund
  3914 | D:4      | Reached skill level 6 in Fighting
  3914 | D:4      | Reached XP level 7. HP: 48/58 MP: 7/7
  3933 | D:4      | Found a basalt altar of Yredelemnul.
  4155 | D:4      | Found a glowing silver altar of Zin.
  4319 | D:4      | Noticed Pikel
  4402 | D:4      | Slain by Pikel

Illustrated notes

Levels and vault maps discovered:
D:1:      mrwooster_arrival_arrow, layout_basic
D:2:      layout_basic, nicolae_overflow_crystal_walls,
          gammafunk_temple_overflow_arena, overflow_temple_1_default
D:3:      layout_basic, bloody_trog, first_ration, uniq_terence
D:4:      layout_loops_ring, kennysheep_mini, lemuel_zombie_altar_yredelemnul,
          lemuel_round_altar, serial_forest, infiniplex_forest_lined_room_3,
          infiniplex_forest_clump_tiny, infiniplex_forest_clump_large,
          infiniplex_forest_clump_curved, infiniplex_forest_lined_ring,
          infiniplex_forest_split, infiniplex_forest_lined_3,
          infiniplex_forest_lined_ring, infiniplex_forest_3_way,
          portal_sewer_entry_e, serial_shops, nicolae_shop_window_shopping,
          grunt_dithmenos_smoke_and_mirrors, uniq_pikel, uniq_sigmund

Skill      XL: |  1  2  3  4  5  6 |
---------------+-------------------+-----
Long Blades    | 2 3 |  3.5
Shields        | 2 3 |  3.5
Dodging        | 1 2 |  2.9
Armour         | 1 2 |  2.8
Fighting       | 6 |  6.1
Stealth        | |  1.0

Action                   |  1- 3 |  4- 6 |  7- 9 || total
-------------------------+-------+-------+-------++-------
Melee: Falchion          |   154 |   234 |    93 ||   481
 Fire: Hunting sling     |       |     7 |       ||     7
  Use: Potion            |     2 |     7 |     1 ||    10
       Scroll            |     8 |     3 |       ||    11
 Stab: Distracted        |       |     1 |       ||     1
  Eat: Chunk             |     4 |       |       ||     4
       Ration            |       |     2 |       ||     2
Armor: Robe              |     7 |       |       ||     7
       Ring mail         |    61 |    56 |    37 ||   154
       Skin              |       |     2 |       ||     2
Dodge: Dodged            |    86 |    73 |    33 ||   192
Block: Buckler           |    34 |    44 |    20 ||    98
       Rpst.: Falchion   |    31 |    30 |     8 ||    69

Table legend:
 A = Non-vault XP
 B = Vault XP
 C = Vault XP percentage of total XP
 D = Non-vault monster count
 E = Vault monster count
 F = Vault count percentage of total count
                 A         B        C        D         E       F
            +---------+---------+-------+---------+---------+-------
      Total |     468 |     406 |  46.5 |      83 |       6 |   6.7
            +---------+---------+-------+---------+---------+-------
        D:1 |      44 |       0 |   0.0 |      23 |       0 |   0.0
        D:2 |      61 |     140 |  69.7 |      23 |       2 |   8.0
        D:3 |     102 |      36 |  26.1 |      19 |       1 |   5.0
        D:4 |     261 |     230 |  46.8 |      18 |       3 |  14.3
            +---------+---------+-------+---------+---------+-------
